 Dungeon Crawl Stone Soup version 0.27.1-33-g824d729ab1 (webtiles) character file.

Game seed: 18116986254902770330

11 sking99 the Insei (level 2, 0/22 HPs)
             Began as a Djinni Transmuter on Dec 7, 2021.
             Killed from afar by a dart slug (6 damage)
             ... with a slug dart
             ... on level 1 of the Dungeon.
             The game lasted 00:01:44 (581 turns).

sking99 the Insei (Djinni Transmuter)                Turns: 581, Time: 00:01:45

Health: 0/22       AC:  2    Str:  9    XL:     2   Next: 35%
Gold:   17         EV: 12    Int: 14    God:
                   SH:  0    Dex: 13

rFire    + + .     SeeInvis .     - Unarmed
rCold    x . .     Faith    .   (no shield)
rNeg     . . .     Spirit   .   a - +0 robe
rPois    ∞         Reflect  .   (no helmet)
rElec    .         Harm     .   (no cloak)
rCorr    .         Rampage  .   (no gloves)
Will     .....                  (boots unavailable)
Stlth    +.........             (no amulet)
HPRegen  0.07/turn              (no ring)
MPRegen  0.00/turn              (no ring)

@: flying
A: sickness immunity, fire resistance 2, cold vulnerability 1, float, innate
caster, hp casting, extra vitality 1
a: no special abilities


You were on level 1 of the Dungeon.
You visited 1 branch of the dungeon, and saw 1 of its levels.

You collected 17 gold pieces.

Inventory:

Armour
 a - a +0 robe (worn)
Scrolls
 c - a scroll of amnesia {unknown}
 d - a scroll of silence {unknown}
 f - a scroll of fear {unknown}
 g - a scroll of magic mapping {unknown}
Potions
 b - 2 potions of attraction {unknown}
 e - a potion of invisibility {unknown}


   Skills:
 + Level 1.2 Fighting
 + Level 2.4 Dodging
 * Level 3.2 Unarmed Combat
 + Level 1.7 Spellcasting


You couldn't memorise any spells.
You knew the following spells:

 Your Spells              Type           Power      Damage    Failure   Level
a - Beastly Appendage     Tmut           12%        N/A       12%         1
b - Wereblood             Tmut           6%         N/A       19%         2
c - Spider Form           Tmut/Pois      3%         N/A       36%         3
d - Ice Form              Ice/Tmut       6%         N/A       77%         4
Your spell library was empty.

Dungeon Overview and Level Annotations

Branches:
Dungeon (1/15)

Altars:


Innate Abilities, Weirdness & Mutations

You are immune to sickness and miasma.
You are immune to poison.
Your flesh is very heat resistant. (rF++)
You are vulnerable to cold. (rC-)
You float through the air rather than walking.
You learn spells naturally, not from books.
Your magical power is your life essence.
You have superior vitality. (+4 HP)


Message History

You closely miss the ball python.
The goblin shouts!
You headbutt the ball python.
You kill the ball python!
You hit the rat.
You kill the rat!
A dart slug comes into view.
You see here a jackal corpse.
The goblin throws a stone.
The stone hits you. The goblin hits you with a +0 dagger.
You closely miss the goblin.
Your horns disappear.
The goblin hits you but does no damage.
You hit the goblin but do no damage. The goblin misses you.
You hit the goblin.
You kill the goblin!
You hit the dart slug.
The dart slug is lightly wounded.
The dart slug barely misses you.
You hit the dart slug.
The dart slug is moderately wounded.
You hit the dart slug.
The dart slug is heavily wounded.
The dart slug launches a dart at you. The slug dart hits you.
You hit the dart slug.
The dart slug is severely wounded.
The dart slug bites you.
You completely miss the dart slug.
The dart slug is severely wounded.
You hit the dart slug.
The dart slug is almost dead.
The dart slug launches a dart at you. The slug dart hits you.
* * * LOW HITPOINT WARNING * * *
You hit the dart slug.
The dart slug is almost dead.
The dart slug launches a dart at you. The slug dart hits you.
You die...

.. ♣PP.<.P..♣..#..##
#.....♣P...PP..♣.....#
#.....♣...P..PP♣...#.##
#.....♣..PP..PP♣...#...
#......♣♣♣♣♣♣♣♣♣...###.
#..................# #.
#..........#####..####.
#....................#.
###.#..w@.†..............
......)...###..........#.
.........#...............
...........###...........
r........### #######.....
########## #..... #.....
##.... ##...


You could see a dart slug.

Vanquished Creatures
  A dart slug (D:1)
  2 endoplasms (D:1)
  2 goblins (D:1)
  A jackal (D:1)
  A ball python (D:1)
  A frilled lizard (D:1)
  A rat (D:1)
9 creatures vanquished.

Notes
Turn   | Place    | Note
-------+----------+-------------------------------------------
     0 | D:1      | sking99 the Djinni Transmuter began the quest for the Orb.
     0 | D:1      | Reached XP level 1. HP: 17/17 MP: 0/0
   262 | D:1      | Reached XP level 2. HP: 11/22 MP: 0/0
   581 | D:1      | Killed from afar by a dart slug

Illustrated notes

Levels and vault maps discovered:
D:1:      scummos_arrival_checkerplants, layout_rooms, minmay_pentomino_w4

Action                   || total
-------------------------++-------
Melee: Unarmed           ||    30
       Headbutt          ||     5
 Cast: Beastly Appendage ||     3
Armor: Robe              ||     1
Dodge: Dodged            ||    13
